 Dungeon Crawl Stone Soup version 0.30-a0-632-g346586fe48 (webtiles) character file.

Game seed: 12067419481617096694

242 wormed the Slasher (level 5, 0/42 HPs)
             Began as a Demigod Gladiator on Jan 14, 2023.
             Slain by an orc priest
             ... wielding a +0 flail
              (4 damage)
             ... on level 3 of the Dungeon.
             The game lasted 00:03:02 (1341 turns).

wormed the Slasher (Demigod Gladiator)              Turns: 1341, Time: 00:03:04

Health: 0/42       AC:  7    Str: 15    XL:     5   Next: 51%
Magic:  7/7        EV: 11    Int: 10    God:
Gold:   140        SH:  0    Dex: 19    Spells: 4/4 levels left

rFire   . . .      SeeInvis .    a - +0 long sword
rCold   . . .      Faith    .    (no shield)
rNeg    . . .      Spirit   .    m - +0 scale mail {rPois}
rPois   +          Reflect  .    c - +0 helmet
rElec   .          Harm     .    (no cloak)
rCorr   .          Rampage  .    (no gloves)
Will    .....                    (no boots) Stlth
                                 f - amulet of the acrobat
HPRegen 0.27/turn                (no ring)
MPRegen 0.10/turn                (no ring)

@: no status effects
A: high MP 1, forlorn, divine attributes
a: no special abilities


You were on level 3 of the Dungeon.
You visited 1 branch of the dungeon, and saw 3 of its levels.

You collected 140 gold pieces.

Inventory:

Hand Weapons
 a - a +0 long sword (weapon)
Missiles
 d - 2 throwing nets (quivered)
 e - a javelin
 n - 4 poisoned darts
Armour
 c - a +0 helmet (worn)
 m - a +0 scale mail of poison resistance (worn)
Jewellery
 f - an amulet of the acrobat (around neck)
Scrolls
 b - a scroll of teleportation {unknown}
 p - a scroll of enchant armour {unknown}
 q - a scroll of torment {unknown}
 r - a scroll of poison {unknown}
 t - 2 scrolls of identify {unknown}
Potions
 g - 2 potions of curing
 h - a potion of magic {unknown}
 i - a potion of might {unknown}
 j - a potion of lignification {unknown}
 k - a potion of heal wounds {unknown}
 l - a potion of resistance {unknown}
 o - a potion of degeneration {unknown}
 s - a potion of berserk rage {unknown}


   Skills:
 + Level 2.6 Fighting
 * Level 3.9 Long Blades
 + Level 2.5 Throwing
 + Level 1.7 Armour
 + Level 3.3 Dodging
 + Level 1.6 Shields


You had 4 spell levels left.
You didn't know any spells.
Your spell library contained the following spells:

 Spells                   Type           Power      Damage    Failure   Level
 Cigotuvi's Dreadful Rot  Necr/Pois/Air  0%         N/A       92%         2
 Poisonous Vapours        Pois/Air       0%         N/A       92%         2
 Mephitic Cloud           Conj/Pois/Air  0%         N/A       99%         3
 Tukima's Dance           Hex            0%         N/A       99%         3
 Passage of Golubria      Tloc           0%         N/A       100%        4
 Yara's Violent Unravell  Hex/Tmut       0%         3d3       100%        5


Dungeon Overview and Level Annotations

Branches:
Dungeon (3/15)


Innate Abilities, Weirdness & Mutations

You have an increased reservoir of magic. (+10% MP)
You shall have no god before yourself.
Your divine heritage dramatically boosts your attributes as you level up.


Message History

The orc priest hits you with a +0 whip.
The orc priest miscasts a cantrip.
The orc priest hits you with a +0 whip.
A goblin comes into view. It is wielding a +0 club.
You hit the orc priest but do no damage.
The orc priest completely misses you.
It was a potion of curing.
You feel better.
The orc priest mumbles some strange prayers to Beogh against you.
Pain shoots through your body!
You hit the orc priest.
The orc priest is moderately wounded.
The orc priest hits you with a +0 whip.
* * * LOW HITPOINT WARNING * * *
You slash the orc priest!
You kill the orc priest!
You hit the orc.
The orc is heavily wounded.
The orc closely misses you.
You barely miss the orc.
The orc is heavily wounded.
The orc hits you but does no damage. x2
You hit the orc but do no damage.
The orc is heavily wounded.
The orc priest looks satisfied for a moment.
The orc hits you with a +2 hand axe of flaming.
* * * LOW HITPOINT WARNING * * *
The orc burns you.
* * * LOW HITPOINT WARNING * * *
You hit the orc. You punch the orc.
The orc is almost dead.
The orc hits you but does no damage.
You hit the orc but do no damage.
The orc is almost dead.
The orc hits you but does no damage.
You hit the orc.
You kill the orc!
You slash the orc priest!
The orc priest is severely wounded.
The orc priest hits you with a +0 flail.
You die...

############
.....go@...##
...#######..#
##.#######
#.......#
#.......#
#.......#
#.......######
#.............
#........#####


You could see an orc priest and a goblin.

Vanquished Creatures
  Sigmund (D:2)
  An orc priest (D:3)
  2 adders (D:2)
  2 orcs (D:3)
  3 endoplasms
  2 giant cockroaches (D:2)
  4 goblins
  4 hobgoblins
  6 kobolds
  A quokka (D:3)
  3 ball pythons (D:1)
  3 bats
  3 frilled lizards
  2 rats (D:2)
37 creatures vanquished.

Notes
Turn   | Place    | Note
-------+----------+-------------------------------------------
     0 | D:1      | wormed the Demigod Gladiator began the quest for the Orb.
     0 | D:1      | Reached XP level 1. HP: 17/17 MP: 3/3
   434 | D:1      | Reached XP level 2. HP: 24/24 MP: 4/4
   822 | D:2      | Noticed Sigmund
   834 | D:2      | Killed Sigmund
   835 | D:2      | Reached skill level 1 in Armour
   835 | D:2      | Reached skill level 1 in Shields
   835 | D:2      | Reached XP level 3. HP: 30/30 MP: 5/5
   835 | D:2      | Reached XP level 4. HP: 37/37 MP: 6/6
   835 | D:2      | Reached XP level 5. HP: 42/42 MP: 7/7
  1164 | D:3      | Identified the +11 glaive of Eternal War {flame, Fly rElec
                  | Int+2 SInv Stlth+}
  1337 | D:3      | HP: 2/42 [orc/+2 hand axe of flaming (3)]
  1341 | D:3      | Slain by an orc priest

Illustrated notes

Levels and vault maps discovered:
D:1:      zaba_arrival_water, layout_loops_ring, reono_crystal_passage
D:2:      layout_rooms, uniq_sigmund
D:3:      minmay_wonky_spiral, layout_basic, serial_corexii_hall,
          corexii_hall_statues_i, corexii_hall_statues_x, goddamned_bats,
          uniq_grinder, uniq_terence, uniq_natasha

Skill      XL: |  1  2 |
---------------+-------+-----
Long Blades    | 3 |  3.9
Fighting       | 2 |  2.6
Throwing       | 2 |  2.5
Armour         | 1 |  1.7
Dodging        | 3 |  3.3
Shields        | 1 |  1.6

Action                   |  1- 3 |  4- 6 || total
-------------------------+-------+-------++-------
Melee: Long sword        |    60 |    65 ||   125
       Punch             |       |     1 ||     1
Throw: Dart              |     4 |       ||     4
       Throwing net      |     1 |       ||     1
  Use: Potion            |       |     1 ||     1
 Stab: Held in net/web   |     1 |       ||     1
Armor: Leather armour    |     5 |       ||     5
       Scale mail        |    15 |    40 ||    55
Dodge: Dodged            |    44 |    46 ||    90

Table legend: (Time is in decaauts)
 A = Elapsed time spent in this place.
 B = Non-inter-level travel time spent in this place.
 C = Inter-level travel time spent in this place.
 D = Time resting spent in this place.
 E = Time spent auto-exploring this place.
 F = Levels seen in this place.
 G = Mean time per level.
                   A        B        C        D        E       F      G
               +--------+--------+--------+--------+--------+-----+--------+
         Total |   1374 |   1329 |     45 |      0 |   1003 |   3 |  458.0 |
       Dungeon |   1374 |   1329 |     45 |      0 |   1003 |   3 |  458.0 |
               +--------+--------+--------+--------+--------+-----+--------+

Top non-repeatable levels by time:
     D:1: 748 daAuts
     D:2: 433 daAuts
     D:3: 192 daAuts
